 Dungeon Crawl Stone Soup version 0.21.1-1-g345015fe64 (webtiles) character file.

20559 RUZZLEFAZAZZLE the Blocker (level 12, -2/97 HPs)
             Began as a Gnoll Fighter on July 8, 2018.
             Was a High Priest of Okawaru.
             Slain by a komodo dragon (16 damage)
             ... on level 2 of the Lair of Beasts.
             The game lasted 00:37:14 (13430 turns).

RUZZLEFAZAZZLE the Blocker (Gnoll Fighter)         Turns: 13430, Time: 00:37:15

Health: -2/97      AC: 26    Str: 22    XL:     12   Next: 80%
Magic:  23/23      EV: 11    Int: 11    God:    Okawaru [*****.]
Gold:   673        SH: 18    Dex: 16    Spells: 26/26 levels left

rFire    + . .     SeeInvis .   a - +1 war axe
rCold    . . .     Gourm    .   p - +0 large shield
rNeg     + . .     Faith    .   R - +4 plate armour {rF+}
rPois    +         Spirit   .   c - +2 hat
rElec    .         Reflect  .   t - +0 cloak {rPois}
rCorr    .         Harm     .   n - +1 pair of gloves
MR       .....     Clarity  +   (no boots)
Stlth    ..........             N - amulet of rage
HPRegen  0.26/turn              r - +3 ring of evasion
MPRegen  0.18/turn              k - ring of positive energy

@: berserk cooldown, slowed, very slow
A: distributed training, fangs 1, icy blue scales 1, clarity, subdued magic 1,
strong nose
a: Heroism, Finesse, Renounce Religion, Evoke Berserk Rage


You were on level 2 of the Lair of Beasts.
You worshipped Okawaru.
Okawaru was extremely pleased with you.
You were not hungry.

You visited 3 branches of the dungeon, and saw 15 of its levels.

You collected 673 gold pieces.

Inventory:

Hand Weapons
 a - a +1 war axe (weapon)
 h - a +2 flail
Missiles
 l - 4 silver tomahawks
 u - 3 javelins of penetration
 F - 9 tomahawks (quivered)
Armour
 c - a +2 hat (worn)
 m - a +0 helmet
 n - a +1 pair of gloves (worn)
 p - a +0 large shield (worn)
 t - a +0 cloak of poison resistance (worn)
 R - a +4 plate armour of fire resistance (worn)
Jewellery
 e - an uncursed ring of fire
 k - a ring of positive energy (right hand)
 r - a +3 ring of evasion (left hand)
 N - an amulet of rage (around neck)
 Q - a +2 ring of evasion
Wands
 g - a wand of flame (9)
 s - a wand of polymorph (13)
 v - a wand of paralysis (7)
 P - a wand of acid (7)
Scrolls
 b - 3 scrolls of magic mapping
 d - a scroll of enchant weapon
 i - 5 scrolls of remove curse
 y - 2 scrolls of blinking
 z - 4 scrolls of teleportation
 A - a scroll of immolation
 C - a scroll of fog
 H - 2 scrolls of amnesia
 J - a scroll of brand weapon
Potions
 o - 5 potions of flight
 w - 2 potions of resistance
 x - 2 potions of agility
 L - a potion of magic
 O - a potion of might
Books
 D - a book of Flames

   Spells                             Type                      Level
   a - Flame Tongue                   Conjuration/Fire             1
   b - Throw Flame                    Conjuration/Fire             2
   c - Conjure Flame                  Conjuration/Fire             3
   d - Inner Flame                    Hexes/Fire                   3
   e - Sticky Flame                   Conjuration/Fire             4
   f - Fireball                       Conjuration/Fire             5
Comestibles
 f - 8 rations


   Skills:
 + Level 10.0 Fighting
 + Level 7.5 Short Blades
 + Level 7.5 Long Blades
 + Level 8.9 Axes
 + Level 7.5 Maces & Flails
 + Level 7.5 Polearms
 + Level 7.5 Staves
 + Level 7.5 Slings
 + Level 7.5 Bows
 + Level 7.5 Crossbows
 + Level 7.5 Throwing
 + Level 10.0 Armour
 + Level 7.5 Dodging
 + Level 7.5 Stealth
 + Level 10.0 Shields
 + Level 7.5 Unarmed Combat
 + Level 7.5 Spellcasting
 + Level 6.2 Conjurations
 + Level 6.2 Hexes
 + Level 6.2 Charms
 + Level 6.2 Summonings
 + Level 6.2 Necromancy
 + Level 6.2 Translocations
 + Level 6.2 Transmutations
 + Level 6.2 Fire Magic
 + Level 6.2 Ice Magic
 + Level 6.2 Air Magic
 + Level 6.2 Earth Magic
 + Level 6.2 Poison Magic
 + Level 8.2 Invocations
 + Level 7.5 Evocations


You had 26 spell levels left.
You didn't know any spells.

Dungeon Overview and Level Annotations

Branches:
Dungeon (12/15)            Temple (1/1) D:5            Lair (2/6) D:11
    Orc (0/2) D:11
  Swamp: Lair:2-4    Shoals: Lair:2-4     Snake: Lair:2-4    Spider: Lair:2-4

Altars:
Ashenzari
Cheibriados
Dithmenos
Elyvilon
Fedhas
Gozag
Hepliaklqana
Kikubaaqudgha
Makhleb
Nemelex Xobeh
Okawaru
Qazlal
Ru
Sif Muna
Trog
Uskayaw
Vehumet
Wu Jian
Xom
Yredelemnul
Zin
The Shining One

Annotations:
D:10 Sonja


Innate Abilities, Weirdness & Mutations

Your experience applies equally to all skills.
You have very sharp teeth.
Your uncanny sense of smell can sniff out nearby items.
You are partially covered in icy blue scales. (AC +2)
You possess an exceptional clarity of mind.
Your spells are a little easier to cast, but a little less powerful.


Message History

You see here a wolf corpse.
You butcher the wolf corpse.
You see here a chunk of flesh.
You are too injured to fight recklessly!
You are too injured to fight recklessly!
You are too injured to fight recklessly!
You are too injured to fight recklessly!
You are too injured to fight recklessly!
You slash the komodo dragon!
The komodo dragon is moderately wounded.
You block the komodo dragon's attack.
You hit the komodo dragon but do no damage.
You bite the komodo dragon.
The komodo dragon is moderately wounded.
You block the komodo dragon's attack. The komodo dragon bites you!
* * * LOW HITPOINT WARNING * * *
You hit the komodo dragon but do no damage.
The komodo dragon is moderately wounded.
You block the komodo dragon's attack. The komodo dragon bites you!
You die...

...............
...............
...............
............
......... #.....#
#.....##
#[.%...#####.
#..#P.@l>.......
.........<.....<.
.........†.......
..?..............
.................
.................
.................
....#.........##.
..##.......#.#


You could see a komodo dragon.

Vanquished Creatures
  Erolcha (D:9)
  A hydra (Lair:1)
  The ghost of Buyout the Thaumaturge, a journeyman GnSk of Okawaru (D:10)
  2 two-headed ogres
  The ghost of RUZZLEFAZAZZLE the Shield-Bearer, a novice GnFi of Okawaru (D:9)
  3 cyclopes
  2 ugly things (D:11)
  A black mamba (Lair:1)
  6 spiny frogs
  2 trolls
  3 polar bears (Lair:1)
  A hornet (D:8)
  Grinder (D:3)
  Prince Ribbit (D:9)
  9 blink frogs (Lair:1)
  A hippogriff (D:10)
  10 yaks
  A wraith (D:10)
  Sigmund (D:3)
  A wyvern (D:10)
  Grum (D:10)
  A hungry ghost (D:11)
  A steam dragon (D:10)
  An acid dragon (D:11)
  2 porcupines
  3 ice beasts
  7 orc warriors
  An eye of draining (D:12)
  A phantom (D:10)
  2 black bears
  3 sky beasts (D:9)
  The ghost of Dyme the Bolt Thrower, an amateur DgHu (D:3)
  4 ogres
  8 wolves
  5 centaurs
  A crocodile (Lair:2)
  A wyvern zombie (D:11)
  4 big kobolds
  5 bullfrogs
  A gnoll sergeant (D:6)
  4 scorpions
  6 killer bees (D:8)
  3 electric eels (D:9)
  4 wights
  3 howler monkeys
  A bullfrog zombie (D:7)
  2 centaur zombies
  2 crimson imps
  5 jellies
  A quasit (D:9)
  5 orc priests
  8 hounds
  8 orc wizards
  Crazy Yiuf (D:2)
  Jessica (D:3)
  Ijyb (D:3)
  5 iguanas
  7 worker ants
  Terence (D:2)
  A hound skeleton (D:10)
  A howler monkey skeleton (D:6)
  12 adders
  9 gnolls
  2 shadow imps (D:9)
  2 oozes
  2 adder skeletons
  2 worms
  4 leopard geckos
  36 orcs
  6 giant cockroaches
  7 goblins
  12 hobgoblins
  7 jackals
  53 kobolds
  5 quokkas
  4 ball pythons
  4 bats
  3 frilled lizards
  2 jackal skeletons (D:4)
  8 rats
  A fungus (Lair:1)
  A plant (D:11)
354 creatures vanquished.

Vanquished Creatures (others)
  9 fungi (D:11)
  9 plants
18 creatures vanquished.

Grand Total: 372 creatures vanquished

Notes
Turn   | Place    | Note
-------+----------+-------------------------------------------
     0 | D:1      | RUZZLEFAZAZZLE the Gnoll Fighter began the quest for the Orb.
     0 | D:1      | Reached XP level 1. HP: 23/23 MP: 1/1
    46 | D:1      | Reached XP level 2. HP: 29/29 MP: 2/2
   391 | D:1      | Found a sparkling altar of Nemelex Xobeh.
   476 | D:2      | Reached XP level 3. HP: 33/35 MP: 3/3
   613 | D:2      | Noticed Terence
   622 | D:2      | Killed Terence
   622 | D:2      | Reached skill level 1 in Short Blades
   622 | D:2      | Reached skill level 1 in Long Blades
   622 | D:2      | Reached skill level 1 in Maces & Flails
   622 | D:2      | Reached skill level 1 in Polearms
   622 | D:2      | Reached skill level 1 in Staves
   622 | D:2      | Reached skill level 1 in Slings
   622 | D:2      | Reached skill level 1 in Bows
   622 | D:2      | Reached skill level 1 in Crossbows
   622 | D:2      | Reached skill level 1 in Throwing
   622 | D:2      | Reached skill level 1 in Dodging
   622 | D:2      | Reached skill level 1 in Stealth
   622 | D:2      | Reached skill level 1 in Unarmed Combat
   622 | D:2      | Reached skill level 1 in Spellcasting
   622 | D:2      | Reached skill level 1 in Invocations
   622 | D:2      | Reached skill level 1 in Evocations
   655 | D:2      | Reached XP level 4. HP: 41/41 MP: 5/5
   992 | D:2      | Reached skill level 1 in Conjurations
   992 | D:2      | Reached skill level 1 in Hexes
   992 | D:2      | Reached skill level 1 in Charms
   992 | D:2      | Reached skill level 1 in Summonings
   992 | D:2      | Reached skill level 1 in Necromancy
   992 | D:2      | Reached skill level 1 in Translocations
   992 | D:2      | Reached skill level 1 in Transmutations
   992 | D:2      | Reached skill level 1 in Fire Magic
   992 | D:2      | Reached skill level 1 in Ice Magic
   992 | D:2      | Reached skill level 1 in Air Magic
   992 | D:2      | Reached skill level 1 in Earth Magic
   992 | D:2      | Reached skill level 1 in Poison Magic
   992 | D:2      | Reached XP level 5. HP: 30/47 MP: 6/6
  1129 | D:2      | Found a runed door.
  1133 | D:2      | Noticed Crazy Yiuf
  1139 | D:2      | Killed Crazy Yiuf
  1378 | D:3      | Noticed Sigmund
  1386 | D:3      | Killed Sigmund
  1386 | D:3      | Reached XP level 6. HP: 50/53 MP: 8/8
  1408 | D:3      | Found a bloodstained altar of Trog.
  1479 | D:3      | Noticed Grinder
  1492 | D:3      | Killed Grinder
  1492 | D:3      | Reached skill level 5 in Axes
  1492 | D:3      | Reached XP level 7. HP: 54/59 MP: 8/10
  1531 | D:3      | Noticed Ijyb
  1550 | D:3      | Killed Ijyb
  1755 | D:3      | Found a radiant altar of Vehumet.
  1831 | D:3      | Noticed Jessica
  1841 | D:3      | Killed Jessica
  2179 | D:3      | Noticed Dyme's ghost (amateur DgHu)
  2189 | D:3      | Killed Dyme's ghost
  2253 | D:3      | Reached XP level 8. HP: 64/67 MP: 12/12
  2609 | D:4      | Found a shattered altar of Ashenzari.
  2988 | D:5      | Entered Level 5 of the Dungeon
  3332 | D:5      | Found a staircase to the Ecumenical Temple.
  3348 | Temple   | Entered the Ecumenical Temple
  3877 | D:6      | Reached XP level 9. HP: 70/72 MP: 14/14
  4533 | D:7      | Found a glowing golden altar of the Shining One.
  4533 | D:7      | Found an iron altar of Okawaru.
  4555 | D:7      | Became a worshipper of Warmaster Okawaru
  4662 | D:7      | Found a sparkling altar of Nemelex Xobeh.
  4931 | D:7      | Gained mutation: Your spells are a little easier to cast, but a little less powerful. [potion of mutation]
  4931 | D:7      | Gained mutation: You possess an exceptional clarity of mind. [potion of mutation]
  4931 | D:7      | Gained mutation: You are partially covered in icy blue scales. (AC +2) [potion of mutation]
  5641 | D:8      | Noticed a hornet
  5660 | D:8      | Killed a hornet
  5660 | D:8      | Reached * piety under Okawaru
  5874 | D:8      | Reached skill level 5 in Invocations
  6091 | D:9      | Reached XP level 10. HP: 16/80 MP: 15/17
  6377 | D:9      | Noticed Prince Ribbit
  6386 | D:9      | Killed Prince Ribbit
  6439 | D:9      | Noticed RUZZLEFAZAZZLE's ghost (novice GnFi)
  6457 | D:9      | Killed RUZZLEFAZAZZLE's ghost
  6457 | D:9      | Reached ** piety under Okawaru
  6457 | D:9      | Reached skill level 5 in Short Blades
  6457 | D:9      | Reached skill level 5 in Long Blades
  6457 | D:9      | Reached skill level 5 in Maces & Flails
  6457 | D:9      | Reached skill level 5 in Polearms
  6457 | D:9      | Reached skill level 5 in Staves
  6457 | D:9      | Reached skill level 5 in Slings
  6457 | D:9      | Reached skill level 5 in Bows
  6457 | D:9      | Reached skill level 5 in Crossbows
  6457 | D:9      | Reached skill level 5 in Throwing
  6457 | D:9      | Reached skill level 5 in Dodging
  6457 | D:9      | Reached skill level 5 in Stealth
  6457 | D:9      | Reached skill level 5 in Unarmed Combat
  6457 | D:9      | Reached skill level 5 in Spellcasting
  6457 | D:9      | Reached skill level 5 in Evocations
  7304 | D:9      | Reached *** piety under Okawaru
  7593 | D:9      | Noticed Erolcha
  7604 | D:9      | Paralysed by Erolcha for 5 turns
  7614 | D:9      | Killed Erolcha
  7614 | D:9      | Reached **** piety under Okawaru
  7669 | D:9      | Noticed a two-headed ogre
  7680 | D:9      | Killed a two-headed ogre
  7680 | D:9      | Reached XP level 11. HP: 52/87 MP: 19/19
  8166 | D:10     | Entered Level 10 of the Dungeon
  8689 | D:10     | Found a stormy altar of Qazlal.
  8809 | D:10     | Noticed Grum
  8841 | D:10     | Killed Grum
  8841 | D:10     | Reached ***** piety under Okawaru
  8841 | D:10     | Reached skill level 5 in Conjurations
  8841 | D:10     | Reached skill level 5 in Hexes
  8841 | D:10     | Reached skill level 5 in Charms
  8841 | D:10     | Reached skill level 5 in Summonings
  8841 | D:10     | Reached skill level 5 in Necromancy
  8841 | D:10     | Reached skill level 5 in Translocations
  8841 | D:10     | Reached skill level 5 in Transmutations
  8841 | D:10     | Reached skill level 5 in Fire Magic
  8841 | D:10     | Reached skill level 5 in Ice Magic
  8841 | D:10     | Reached skill level 5 in Air Magic
  8841 | D:10     | Reached skill level 5 in Earth Magic
  8841 | D:10     | Reached skill level 5 in Poison Magic
  9006 | D:10     | Noticed Buyout's ghost (journeyman GnSk)
  9061 | D:10     | Killed Buyout's ghost
  9490 | D:10     | Noticed Sonja
 10026 | D:11     | Noticed a cyclops
 10099 | D:11     | Noticed a brown ugly thing
 10120 | D:11     | Killed a brown ugly thing
 10236 | D:11     | Received a gift from Okawaru
 10341 | D:11     | Noticed a cyclops
 10358 | D:11     | Killed a cyclops
 10397 | D:11     | Noticed a two-headed ogre
 10419 | D:11     | Killed a two-headed ogre
 10453 | D:11     | Killed a cyclops
 10697 | D:11     | Found a deep blue altar of Sif Muna.
 10724 | D:11     | Noticed a white ugly thing
 10740 | D:11     | Reached XP level 12. HP: 76/96 MP: 22/22
 10779 | D:11     | Found a staircase to the Lair.
 10995 | D:11     | Found a staircase to the Orcish Mines.
 11828 | Lair:1   | Entered Level 1 of the Lair of Beasts
 11845 | Lair:1   | Noticed a five-headed hydra
 11860 | Lair:1   | Killed a six-headed hydra
 11860 | Lair:1   | Received a gift from Okawaru
 11888 | Lair:1   | Received a gift from Okawaru
 12616 | Lair:1   | Received a gift from Okawaru
 13413 | Lair:2   | Reached skill level 10 in Fighting
 13413 | Lair:2   | Reached skill level 10 in Armour
 13413 | Lair:2   | Reached skill level 10 in Shields
 13430 | Lair:2   | Slain by a komodo dragon

Skill      XL: |  1  2  3  4  5  6  7  8  9 10 11 12 |
---------------+-------------------------------------+-----
Short Blades   | 1 2 3 4 5 6 7 |  7.5
Long Blades    | 1 2 3 4 5 6 7 |  7.5
Maces & Flails | 1 2 3 4 5 6 7 |  7.5
Polearms       | 1 2 3 4 5 6 7 |  7.5
Staves         | 1 2 3 4 5 6 7 |  7.5
Slings         | 1 2 3 4 5 6 7 |  7.5
Bows           | 1 2 3 4 5 6 7 |  7.5
Crossbows      | 1 2 3 4 5 6 7 |  7.5
Throwing       | 1 2 3 4 5 6 7 |  7.5
Dodging        | 1 2 3 4 5 6 7 |  7.5
Stealth        | 1 2 3 4 5 6 7 |  7.5
Unarmed Combat | 1 2 3 4 5 6 7 |  7.5
Spellcasting   | 1 2 3 4 5 6 7 |  7.5
Invocations    | 1 2 3 4 5 6 7 8 |  8.2
Evocations     | 1 2 3 4 5 6 7 |  7.5
Conjurations   | 1 2 3 4 5 6 |  6.2
Hexes          | 1 2 3 4 5 6 |  6.2
Charms         | 1 2 3 4 5 6 |  6.2
Summonings     | 1 2 3 4 5 6 |  6.2
Necromancy     | 1 2 3 4 5 6 |  6.2
Translocations | 1 2 3 4 5 6 |  6.2
Transmutations | 1 2 3 4 5 6 |  6.2
Fire Magic     | 1 2 3 4 5 6 |  6.2
Ice Magic      | 1 2 3 4 5 6 |  6.2
Air Magic      | 1 2 3 4 5 6 |  6.2
Earth Magic    | 1 2 3 4 5 6 |  6.2
Poison Magic   | 1 2 3 4 5 6 |  6.2
Axes           | 5 6 7 8 |  8.9
Fighting       | 7 8 9 10 | 10.0
Armour         | 7 8 9 10 | 10.0
Shields        | 7 8 9 10 | 10.0

Action                   |  1- 3 |  4- 6 |  7- 9 | 10-12 || total
-------------------------+-------+-------+-------+-------++-------
Melee: War axe           |    81 |    63 |   573 |   807 ||  1524
       Bite              |     4 |     6 |    83 |   137 ||   230
       Flail             |       |       |       |    12 ||    12
Invok: Heroism           |       |       |       |     6 ||     6
       Finesse           |       |       |       |     1 ||     1
Evoke: Wand              |       |       |       |     3 ||     3
  Use: Scroll            |       |     5 |     9 |     6 ||    20
       Potion            |       |     2 |     4 |    12 ||    18
 Stab: Invisible         |       |       |       |     1 ||     1
  Eat: Chunk             |       |     2 |    11 |     6 ||    19
       Ration            |       |       |     2 |     6 ||     8
Armor: Scale mail        |    28 |    30 |    63 |       ||   121
       Plate armour      |       |       |   172 |   467 ||   639
Dodge: Dodged            |    24 |    27 |   176 |   346 ||   573
Block: Shield            |    48 |    26 |    37 |       ||   111
       Large shield      |       |       |   494 |   860 ||  1354
